 Dungeon Crawl Stone Soup version 0.26-a0-800-g517d6fe721 (webtiles) character file.

Game seed: 11822692013111495781

226 robertstho the Chiller (level 5, -5/28 HPs)
             Began as a Deep Elf Ice Elementalist on Nov 11, 2020.
             Was an Initiate of Gozag.
             Slain by a mummy (11 damage)
             ... in an ossuary.
             The game lasted 00:06:48 (3344 turns).

robertstho the Chiller (Deep Elf Ice Elementalist)  Turns: 3344, Time: 00:06:49

Health: -5/28      AC:  6    Str:  5    XL:     5   Next: 69%
Magic:  14/14      EV: 13    Int: 21    God:    Gozag
Gold:   189        SH:  0    Dex: 15    Spells: 3/14 levels left

rFire    . . .     SeeInvis .   l - +1 whip (venom)
rCold    . . .     Faith    .   (no shield)
rNeg     . . .     Spirit   .   a - +0 robe
rPois    .         Reflect  .   d - +2 hat
rElec    .         Harm     .   (no cloak)
rCorr    .         Rampage  .   e - +1 pair of gloves
MR       .....                  (no boots)
Stlth    +.........             (no amulet)
HPRegen  0.09/turn              q - ring of attention (curse)
MPRegen  0.14/turn              (no ring)

@: no status effects
A: no striking features
a: Potion Petition, Call Merchant, Bribe Branch, Renounce Religion


You were in an ossuary.
You worshipped Gozag.
Gozag was aware of your devotion.
You visited 1 branch of the dungeon, and saw 4 of its levels.
You also visited: Ossuary.

You collected 223 gold pieces.
You paid 34 gold pieces to Gozag.

Inventory:

Hand Weapons
 j - a +0 short sword of venom
 l - a +1 whip of venom (weapon)
Armour
 a - a +0 robe (worn)
 d - a +2 hat (worn)
 e - a +1 pair of gloves (worn)
Jewellery
 q - a cursed ring of attention (left hand)
Wands
 p - a wand of polymorph (4)
Scrolls
 f - a scroll of teleportation {unknown}
 n - a scroll of amnesia {unknown}
 r - a scroll of enchant weapon {unknown}
Potions
 b - a potion of heal wounds
 g - a potion of curing
 h - a potion of degeneration
 m - a potion of might
 o - a potion of flight


   Skills:
 + Level 0.3 Fighting
 + Level 0.7 Short Blades
 + Level 2.8 Dodging
 + Level 3.1 Stealth
 + Level 0.3 Unarmed Combat
 * Level 5.2 Spellcasting
 * Level 6.1 Ice Magic


You had 3 spell levels left.
You knew the following spells:

 Your Spells              Type           Power        Failure   Level
a - Freeze                Ice            ####         1%          1
b - Frozen Ramparts       Ice            ####..       2%          3
c - Ozocubu's Armour      Ice            ####....     2%          3
d - Hailstorm             Conj/Ice       ###.....     30%         4

Your spell library contained the following spells:

 Spells                   Type           Power        Failure   Level
 Summon Ice Beast         Ice/Summ       ###.....     30%         4


Dungeon Overview and Level Annotations

Branches:
Dungeon (4/15)            Ossuary (1/1)
 Temple: D:4-7

Altars:
Cheibriados
Elyvilon
Fedhas
Gozag
Kikubaaqudgha
Okawaru
Uskayaw


Message History

You see here a +0 dagger.
You start resting.
You feel yourself speed up.
You start resting.
You recover from your berserk rage.
You start resting.
A mummy is nearby!
You barely miss the mummy. The mummy hits you!
You hit the mummy but do no damage. You hit the mummy.
The mummy is lightly damaged.
The mummy hits you!
* * * LOW HITPOINT WARNING * * *
You barely miss the mummy.
The mummy is lightly damaged.
You hit the mummy.
The mummy is lightly damaged.
The mummy hits you!
You die...
Your body crumbles into a pile of gold.

#....#
#....#
$
#....#
$ $
#....#
$ $$
#....#
$$ $
#....#
$ $$
#....#
$$ $
#...M#
$ $
#.∩)@#
$
######


You could see a mummy.

Vanquished Creatures
  An iguana (D:4)
  An orc wizard (D:3)
  A worker ant (D:3)
  A mummy (Ossuary)
  4 adders
  2 oozes (D:1)
  A worm (D:3)
  4 dart slugs
  3 leopard geckos
  3 orcs (D:3)
  9 bats
  4 giant cockroaches
  2 gnoll zombies (Ossuary)
  6 goblins
  9 hobgoblins
  2 jackals (D:2)
  A quokka (D:2)
  A ball python (D:2)
  7 frilled lizards
  3 hobgoblin zombies (Ossuary)
  6 kobolds
  2 kobold zombies (Ossuary)
  An orc zombie (Ossuary)
  10 rats
84 creatures vanquished.

Vanquished Creatures (others)
  2 plants (D:3)
2 creatures vanquished.

Grand Total: 86 creatures vanquished

Notes
Turn   | Place    | Note
-------+----------+-------------------------------------------
     0 | D:1      | robertstho the Deep Elf Ice Elementalist began the quest
                  | for the Orb.
     0 | D:1      | Reached XP level 1. HP: 10/10 MP: 6/6
   213 | D:1      | Reached XP level 2. HP: 15/15 MP: 3/8
  1217 | D:1      | Reached skill level 5 in Ice Magic
  1217 | D:1      | Reached XP level 3. HP: 19/19 MP: 8/10
  1261 | D:1      | Learned a level 3 spell: Frozen Ramparts
  1265 | D:1      | Learned a level 3 spell: Ozocubu's Armour
  1854 | D:2      | Reached XP level 4. HP: 24/24 MP: 8/12
  1981 | D:2      | Found a hide-covered altar of Uskayaw.
  2340 | D:3      | Found a blossoming altar of Fedhas.
  2463 | D:3      | Reached XP level 5. HP: 28/28 MP: 11/14
  2737 | D:3      | Found a snail-covered altar of Cheibriados.
  2741 | D:3      | Found an ancient bone altar of Kikubaaqudgha.
  2741 | D:3      | Found a white marble altar of Elyvilon.
  2741 | D:3      | Found an opulent altar of Gozag.
  2747 | D:3      | Found an iron altar of Okawaru.
  2844 | D:3      | Became a worshipper of Gozag Ym Sagoz the Greedy
  2980 | D:4      | Reached skill level 5 in Spellcasting
  2980 | D:4      | Reached skill level 6 in Ice Magic
  3020 | D:4      | Found a sand-covered staircase.
  3055 | Ossuary  | Entered an ossuary
  3065 | Ossuary  | Learned a level 4 spell: Hailstorm
  3344 | Ossuary  | Slain by a mummy

Illustrated notes

Levels and vault maps discovered:
D:1:      minmay_arrival_up_and_down, layout_loops_corners, serial_forest,
          infiniplex_forest_clump_curved, infiniplex_forest_end_3,
          infiniplex_forest_straight_4, infiniplex_forest_end_double,
          infiniplex_forest_lined_2
D:2:      kennysheep_big_flooded_room, layout_rooms, lemuel_statue_altar
D:3:      layout_basic, minitemple, lemuel_round_altar,
          chequers_serial_rivers_micro_b, serial_bayou_crossing
D:4:      layout_gridville, nicolae_ossuary_entry_monument,
          kennysheep_generic_room_16
Ossuary:  ossuary_tomb_3

Skill      XL: |  1  2  3  4  5 |
---------------+----------------+-----
Ice Magic      | 5 6 |  6.1
Spellcasting   | 4 5 |  5.2
Stealth        | 3 |  3.1
Fighting       | |  0.3
Short Blades   | |  0.7
Dodging        | |  2.8
Unarmed Combat | |  0.3

Action                   |  1- 3 |  4- 6 || total
-------------------------+-------+-------++-------
Melee: Unarmed           |    50 |       ||    50
       Dagger            |    18 |       ||    18
       Short sword       |    25 |    39 ||    64
       Whip              |       |    35 ||    35
 Cast: Freeze            |    27 |     1 ||    28
       Frozen Ramparts   |     6 |    14 ||    20
  Use: Potion            |     2 |     1 ||     3
       Scroll            |       |     4 ||     4
 Stab: Sleeping          |     6 |     1 ||     7
Armor: Robe              |    38 |    23 ||    61
Dodge: Dodged            |    73 |    58 ||   131

Table legend: (Time is in decaauts)
 A = Elapsed time spent in this place.
 B = Non-inter-level travel time spent in this place.
 C = Inter-level travel time spent in this place.
 D = Time resting spent in this place.
 E = Time spent auto-exploring this place.
 F = Levels seen in this place.
 G = Mean time per level.
                   A        B        C        D        E       F      G
               +--------+--------+--------+--------+--------+-----+--------+
         Total |   3367 |   3273 |     94 |    187 |   2343 |   5 |  673.4 |
       Dungeon |   3066 |   2972 |     94 |      0 |   2342 |   4 |  766.5 |
       Ossuary |    301 |    301 |      0 |    187 |      1 |   1 |  301.0 |
               +--------+--------+--------+--------+--------+-----+--------+

Top non-repeatable levels by time:
     D:1: 1661 daAuts
     D:2: 678 daAuts
     D:3: 599 daAuts
 Ossuary: 301 daAuts
     D:4: 127 daAuts
